[Event "Monday Night Engine Tour 5 Rd Swiss 16m+1s Starts at 2200hrs ST"]
[Site "Infinity Chess"]
[Date "2018.1.15"]
[Round "4"]
[White "MarioDeMonti"]
[Black "SkyPilot"]
[Result "1/2-1/2"]
[ECO "B90"]
[WhiteElo "2415"]
[BlackElo "2468"]
[WhiteEngine "stockfish_x64_bmi2_2018_01_13_CTG"]
[BlackEngine "stockfish_x64_bmi2_2018_01_13_CTG"]
[EventType "Swiss"]
[WhiteTeam ""]
[BlackTeam ""]
[PlyCount "153"]
[TimeControl "960+1"]

1. e4 c5 2. Nf3 d6 3. d4 cxd4 4. Nxd4 Nf6 5. Nc3 a6 6. Be3 e5 7. Nb3 Be6 
8. f3 h5 9. Qd2 Nbd7 10. Nd5 Bxd5 11. exd5 g6 12. O-O-O Nb6 13. Qa5 Bh6 
14. Bxh6 Rxh6 15. Qd2 Rh8 16. Na5 Qc7 17. c4 Kf8 18. Kb1 Kg7 19. Bd3 Nbd7 
20. Rc1 Rae8 21. Rhe1 Nb8 22. Rf1 b6 23. Nb3 Nbd7 24. f4 a5 25. Qc3 Rc8 
26. f5 g5 27. Qd2 Kh7 28. Na1 Nc5 29. Be2 g4 30. Nc2 Qe7 31. Qd1 Rce8 
32. Ne3 Rhg8 33. Ka1 Qf8 34. Bd3 Re7 35. Qe2 a4 36. Bc2 Rb7 37. Nd1 a3 
38. bxa3 Ra7 39. a4 Nxa4 40. Bxa4 Rxa4 41. Nc3 Ra7 42. Nb5 Ra5 43. Rb1 e4 
44. Qd2 Qe7 45. Qf4 Rga8 46. Rb2 Ra4 47. Qxd6 Qxd6 48. Nxd6 b5 49. Nxb5 Rxc4 
50. d6 e3 51. Re1 Nd5 52. Nc7 Nxc7 53. dxc7 Rxc7 54. Rxe3 Rc1+ 55. Rb1 Rc5 
56. h3 Rxf5 57. hxg4 hxg4 58. Re4 Rfa5 59. Rh1+ Kg6 60. Rxg4+ Kf5 61. Rhh4 Rxa2+ 
62. Kb1 f6 63. Rf4+ Kg6 64. Rhg4+ Kh7 65. Rxf6 Ra1+ 66. Kc2 Rc8+ 67. Kd3 Ra3+ 
68. Ke2 Ra2+ 69. Kd3 Rd8+ 70. Kc3 Rda8 71. Rf7+ Kh8 72. Rg6 Re8 73. Rgg7 Rc2+ 
74. Kxc2 Re2+ 75. Kb1 Re1+ 76. Ka2 Re2+ 77. Ka1 1/2-1/2

[Event "Monday Night Engine Tour 5 Rd Swiss 16m+1s Starts at 2200hrs ST"]
[Site "Infinity Chess"]
[Date "2018.1.15"]
[Round "4"]
[White "Thor"]
[Black "Victorious"]
[Result "1/2-1/2"]
[ECO "C50"]
[WhiteElo "2473"]
[BlackElo "2509"]
[WhiteEngine "BrainFish_180113_x64_bmi2"]
[BlackEngine "BugChess2.41_Release"]
[EventType "Swiss"]
[WhiteTeam ""]
[BlackTeam ""]
[PlyCount "84"]
[TimeControl "960+1"]

1. e4 e5 2. Nf3 Nc6 3. Bc4 Bc5 4. O-O Nf6 5. d3 d6 6. c3 a5 7. Re1 O-O 
8. Nbd2 h6 9. Nf1 Be6 10. Bb5 Ne7 11. d4 exd4 12. cxd4 Bb6 13. Ng3 d5 14. e5 Ne4 
15. Nxe4 dxe4 16. Rxe4 c5 17. Be3 Qd5 18. Bd3 Bf5 19. Rf4 Bxd3 20. dxc5 Bxc5 
21. Bxc5 Ng6 22. Rd4 Qxc5 23. Rc1 Qe7 24. Qxd3 Nxe5 25. Nxe5 Qxe5 26. g3 Ra6 
27. Rc2 Rf6 28. Re2 Qc7 29. Rd7 Qc6 30. h4 b6 31. h5 Rc8 32. b3 Qc1+ 
33. Kg2 Qc6+ 34. Kg1 Qc1+ 35. Kg2 Qc6+ 36. Qd5 Qxd5+ 37. Rxd5 Rfc6 38. Ree5 Rc2 
39. a3 R2c3 40. Rb5 R3c6 41. Re3 Rf6 42. f3 Rd6 1/2-1/2

[Event "Monday Night Engine Tour 5 Rd Swiss 16m+1s Starts at 2200hrs ST"]
[Site "Infinity Chess"]
[Date "2018.1.15"]
[Round "3"]
[White "KULLANI"]
[Black "OlivierEvan"]
[Result "1/2-1/2"]
[ECO "B90"]
[WhiteElo "2425"]
[BlackElo "2393"]
[WhiteEngine "BrainFish_180106_x64_CTG"]
[BlackEngine "Houdini 6"]
[EventType "Swiss"]
[WhiteTeam ""]
[BlackTeam ""]
[PlyCount "86"]
[TimeControl "960+1"]

1. e4 c5 2. Nf3 d6 3. d4 cxd4 4. Nxd4 Nf6 5. Nc3 a6 6. h3 e5 7. Nde2 h5 
8. Bg5 Be6 9. g3 Be7 10. Bg2 Nbd7 11. O-O b5 12. Re1 Nb6 13. b3 Qd7 14. a4 bxa4 
15. Nxa4 Nxa4 16. Rxa4 Bxh3 17. Bxf6 Bxf6 18. Bxh3 Qxh3 19. Qxd6 Rd8 
20. Qxa6 O-O 21. Nc3 Rd2 22. Qf1 Qxf1+ 23. Kxf1 Rxc2 24. Nd5 Rb2 25. Re3 Bg5 
26. Rf3 f6 27. b4 Bd2 28. Rd3 Kh7 29. b5 Rc8 30. Ra7 Rc1+ 31. Kg2 Be1 
32. Nxf6+ Kh6 33. Ng8+ Kh7 34. Nf6+ Kh6 35. Rf3 gxf6 36. Rxf6+ Kg5 37. Rf5+ Kg6 
38. Raf7 Rcc2 39. R5f6+ Kg5 40. Rf5+ Kh6 41. R5f6+ Kg5 42. Rf5+ Kh6 
43. R5f6+ Kg5 1/2-1/2

[Event "Monday Night Engine Tour 5 Rd Swiss 16m+1s Starts at 2200hrs ST"]
[Site "Infinity Chess"]
[Date "2018.1.15"]
[Round "3"]
[White "RonWeasley"]
[Black "BlitzMaster"]
[Result "1/2-1/2"]
[ECO "C55"]
[WhiteElo "2445"]
[BlackElo "2495"]
[WhiteEngine "BrainFish 130117_CTG"]
[BlackEngine "komodo-11.2.2-64bit"]
[EventType "Swiss"]
[WhiteTeam ""]
[BlackTeam ""]
[PlyCount "156"]
[TimeControl "960+1"]

1. e4 e5 2. Nf3 Nc6 3. Bc4 Nf6 4. d3 Bc5 5. c3 O-O 6. O-O d6 7. Bb3 h6 
8. Nbd2 b5 9. Re1 Bb6 10. a4 b4 11. Nc4 bxc3 12. bxc3 Be6 13. Nfd2 Rb8 
14. a5 Bc5 15. h3 a6 16. Bc2 Ne7 17. Ra4 Bd7 18. Ra1 Re8 19. Nf3 Bb5 
20. Na3 Bxa3 21. Rxa3 c5 22. Nh4 Bd7 23. d4 Qc8 24. dxe5 dxe5 25. Qf3 Kh7 
26. g4 Bc6 27. Kh2 Qe6 28. Qe3 c4 29. Nf5 Nxf5 30. gxf5 Qe7 31. Qe2 Rg8 
32. Ra1 Rb7 33. Rg1 Rd7 34. Be3 Bb5 35. Rg2 Rd3 36. Bd2 Rd6 37. Bc1 Qc7 
38. Qe3 Qc6 39. Ba3 Rdd8 40. Rag1 Nh5 41. Bc1 Nf4 42. Rg4 g5 43. fxg6+ fxg6 
44. Rxf4 exf4 45. Qxf4 g5 46. e5+ Rd3 47. Qd4 Qe6 48. Rg3 Rg7 49. Bxd3+ cxd3 
50. Qe4+ Kg8 51. h4 gxh4 52. Qxh4 Qxe5 53. Bxh6 Rxg3 54. Qxg3+ Qxg3+ 
55. Kxg3 Kf7 56. Kf3 Bc6+ 57. Ke3 Kg6 58. Bf8 Bb5 59. f3 Kf5 60. Ba3 Ke5 
61. f4+ Ke6 62. Bc1 Kd5 63. Bd2 Kc4 64. Ke4 Bc6+ 65. Ke3 Bd7 66. Ke4 Bc6+ 
67. Ke5 Bf3 68. Be1 Bd5 69. f5 Kc5 70. Bd2 Bg8 71. Be3+ Kc4 72. f6 Kxc3 
73. Kd6 Bf7 74. Kd7 d2 75. Bxd2+ Kxd2 76. Kc6 Kc3 77. Kc5 Bc4 78. Kc6 Kd4 
1/2-1/2

[Event "Monday Night Engine Tour 5 Rd Swiss 16m+1s Starts at 2200hrs ST"]
[Site "Infinity Chess"]
[Date "2018.1.15"]
[Round "3"]
[White "incredible"]
[Black "SkyPilot"]
[Result "1/2-1/2"]
[ECO "B90"]
[WhiteElo "2453"]
[BlackElo "2469"]
[WhiteEngine "BrainFish_180113_x64_bmi2"]
[BlackEngine "stockfish_x64_bmi2_2018_01_13_CTG"]
[EventType "Swiss"]
[WhiteTeam ""]
[BlackTeam ""]
[PlyCount "225"]
[TimeControl "960+1"]

1. e4 c5 2. Nf3 d6 3. d4 cxd4 4. Nxd4 Nf6 5. Nc3 a6 6. Be3 e5 7. Nb3 Be6 
8. f3 h5 9. Nd5 Bxd5 10. exd5 Nbd7 11. Qd2 g6 12. Be2 Bg7 13. O-O b6 14. c4 Qc7 
15. a4 a5 16. Rae1 O-O 17. Nc1 Nc5 18. Bd1 Nfd7 19. b3 Qd8 20. Bc2 f5 
21. Kh1 Na6 22. Nd3 Rf7 23. Qe2 Nf8 24. Rg1 Raa7 25. b4 Nxb4 26. Nxb4 axb4 
27. Rb1 Nd7 28. Rxb4 e4 29. fxe4 f4 30. Bf2 Bc3 31. Rb5 Be5 32. Rf1 Ra8 
33. Bg1 Rc8 34. Qd3 g5 35. Qh3 Rxc4 36. Bd1 Rh7 37. Qe6+ Kh8 38. Qf5 Qg8 
39. Bxb6 Rf7 40. Qh3 Rc1 41. a5 g4 42. Qd3 Nxb6 43. axb6 Rb7 44. Rb3 Ra1 
45. Qc2 Qa8 46. Rc3 Qa6 47. Rg1 Qxb6 48. Rb3 Qc7 49. Qc6 Qxc6 50. dxc6 Rc7 
51. Rb8+ Kg7 52. Rb7 Ra7 53. Rxa7 Rxa7 54. h3 Bd4 55. Rf1 g3 56. Bxh5 Ra6 
57. Rd1 Bc5 58. c7 Rc6 59. e5 d5 60. Rxd5 Rxc7 61. Bf3 Ra7 62. Bg4 Ra6 
63. e6 Ra2 64. Rg5+ Kf6 65. Rf5+ Kg7 66. Rg5+ Kf6 67. Rf5+ Kg6 68. Rd5 Ra5 
69. Rd1 Ra6 70. Rc1 Kf6 71. Rb1 Ra3 72. Re1 Rc3 73. Rd1 Ke7 74. Rd7+ Kf6 
75. Rd1 Rc2 76. Re1 Be3 77. Rf1 Rc3 78. Re1 Rc7 79. Rd1 Bf2 80. Rf1 Rc4 
81. Ra1 Be3 82. Rb1 Rc2 83. Rd1 Bf2 84. Rb1 Be3 85. Rf1 Rc3 86. Rb1 Rc7 
87. Re1 Rc3 88. Rd1 Rc6 89. Rb1 Rc8 90. Rd1 Ke5 91. Re1 Re8 92. Rd1 Kf6 
93. Ra1 Rc8 94. Rb1 Re8 95. Re1 Rc8 96. Rd1 Ke5 97. Rb1 Bd4 98. Rb5+ Kf6 
99. Rb1 Rc6 100. Rd1 Rd6 101. Rb1 Be3 102. Ra1 Rd4 103. Ra6 Rb4 104. Ra1 Bc5 
105. Re1 Rb3 106. Ra1 Be3 107. Rd1 Bc5 108. Ra1 Rb4 109. Re1 Rc4 110. Rb1 Rc3 
111. Re1 Re3 112. Ra1 Bd4 113. Ra7 1/2-1/2

[Event "Monday Night Engine Tour 5 Rd Swiss 16m+1s Starts at 2200hrs ST"]
[Site "Infinity Chess"]
[Date "2018.1.15"]
[Round "3"]
[White "Victorious"]
[Black "Dovahkiin"]
[Result "1-0"]
[ECO "A06"]
[WhiteElo "2498"]
[BlackElo "2376"]
[WhiteEngine "BugChess2.41_Release"]
[BlackEngine "BrainFish_180113_x64_modern_CTG"]
[EventType "Swiss"]
[WhiteTeam ""]
[BlackTeam ""]
[PlyCount "179"]
[TimeControl "960+1"]

1. Nf3 d5 2. d4 Nf6 3. e3 e6 4. Bd3 c5 5. b3 Nc6 6. Bb2 cxd4 7. exd4 Bd6 
8. Nbd2 O-O 9. O-O b6 10. a3 Bb7 11. Ne5 Ne7 12. Qe2 Rc8 13. Rae1 g6 14. c3 Nf5 
15. a4 Qc7 16. Ra1 Qd8 17. Rac1 Qe7 18. Rce1 h5 19. h3 Rfd8 20. b4 a5 21. b5 Kg7 
22. Ndf3 Ne4 23. c4 f6 24. Nc6 Rxc6 25. bxc6 Bxc6 26. Rb1 Bb4 27. Rfc1 Qd6 
28. cxd5 exd5 29. Bb5 Bd7 30. Rc2 Re8 31. Rbc1 Re7 32. Qd3 Be6 33. Nh2 Qb8 
34. Nf1 Ned6 35. Bc3 Bxc3 36. Rxc3 Qd8 37. Ng3 Nxg3 38. fxg3 Nc4 39. Re1 Bg8 
40. Rxe7+ Qxe7 41. Rc1 Bf7 42. Qc3 Qd8 43. Re1 Qc7 44. Re2 Qd6 45. Qe1 Qb4 
46. Kh2 g5 47. Kg1 Bg6 48. h4 Na3 49. hxg5 Qxe1+ 50. Rxe1 Be4 51. gxf6+ Kxf6 
52. Be8 Nc2 53. Rb1 Nb4 54. Rf1+ Kg5 55. Rf7 Nc2 56. Rg7+ Kf6 57. Rb7 Nxd4 
58. Rxb6+ Ke7 59. Bxh5 Bc2 60. Bf3 Bxa4 61. Bxd5 Bd7 62. Kf2 a4 63. Ke3 Ne6 
64. Bc4 Ng7 65. Bb5 Be6 66. Bxa4 Nh5 67. Kf2 Nf6 68. Bc6 Kd6 69. Bf3+ Ke5 
70. Ke3 Ng4+ 71. Bxg4 Bxg4 72. Rb4 Bc8 73. Rf4 Bb7 74. g4 Kd6 75. Kd4 Bd5 
76. g5 Bxg2 77. Rf6+ Ke7 78. Ke5 Bh1 79. Re6+ Kd7 80. g6 Be4 81. Rd6+ Kc7 
82. Kxe4 Kxd6 83. g7 Kc5 84. g8=Q Kc6 85. Ke5 Kb5 86. Kd5 Kb4 87. Qg3 Kb5 
88. Qb8+ Ka4 89. Kc4 Ka3 90. Qb3# 1-0

[Event "Monday Night Engine Tour 5 Rd Swiss 16m+1s Starts at 2200hrs ST"]
[Site "Infinity Chess"]
[Date "2018.1.15"]
[Round "3"]
[White "Thor"]
[Black "MarioDeMonti"]
[Result "1/2-1/2"]
[ECO "C50"]
[WhiteElo "2475"]
[BlackElo "2413"]
[WhiteEngine "BrainFish_180113_x64_bmi2"]
[BlackEngine "stockfish_x64_bmi2_2018_01_13_CTG"]
[EventType "Swiss"]
[WhiteTeam ""]
[BlackTeam ""]
[PlyCount "100"]
[TimeControl "960+1"]

1. e4 e5 2. Nf3 Nc6 3. Bc4 Bc5 4. O-O Nf6 5. d3 d6 6. c3 O-O 7. Nbd2 a5 
8. Re1 h6 9. Nf1 a4 10. Ng3 Ra5 11. h3 Bb6 12. Qc2 Bd7 13. Rb1 Qe8 14. b4 axb3 
15. axb3 Be6 16. b4 Ra8 17. Bb3 Bxb3 18. Rxb3 Qe6 19. Bb2 Ra2 20. Ra1 Rxa1+ 
21. Bxa1 Ra8 22. Bb2 Ra2 23. Ne2 d5 24. exd5 Nxd5 25. Ra3 Rxa3 26. Bxa3 Nf6 
27. c4 Nd4 28. Nexd4 Bxd4 29. Bc1 Qd6 30. Bd2 c6 31. Nxd4 Qxd4 32. Bc3 Qd6 
33. Qe2 Nd7 34. f3 f6 35. Qe4 Kf7 36. Kf2 h5 37. Ke3 b5 38. cxb5 cxb5 39. Bd2 g6 
40. g4 Nf8 41. Ke2 Qd4 42. gxh5 Qxe4+ 43. dxe4 gxh5 44. f4 exf4 45. Bxf4 Ne6 
46. Ke3 Nxf4 47. Kxf4 h4 48. Kf5 Ke7 49. e5 fxe5 50. Kxe5 Kd7 1/2-1/2

[Event "Monday Night Engine Tour 5 Rd Swiss 16m+1s Starts at 2200hrs ST"]
[Site "Infinity Chess"]
[Date "2018.1.15"]
[Round "2"]
[White "OlivierEvan"]
[Black "BlitzMaster"]
[Result "1/2-1/2 "]
[ECO "D10"]
[WhiteElo "2389"]
[BlackElo "2499"]
[WhiteEngine "Houdini 6"]
[BlackEngine "komodo-11.2.2-64bit"]
[EventType "Swiss"]
[WhiteTeam ""]
[BlackTeam ""]
[PlyCount "82"]
[TimeControl "960+1"]

1. d4 d5 2. c4 c6 3. Nc3 Nf6 4. cxd5 cxd5 5. Nf3 Nc6 6. Bf4 a6 7. e3 Bg4 
8. h3 Bxf3 9. Qxf3 e6 10. Bd3 Bd6 11. Bg5 Be7 12. O-O Rc8 13. a3 h6 14. Bh4 Na5 
15. Rac1 O-O 16. Rc2 Qd7 17. b4 Nc4 18. Bxf6 Bxf6 19. Ne4 Be7 20. Nc5 Bxc5 
21. bxc5 Nxa3 22. Ra2 Nb5 23. Qh5 Na7 24. f4 Nc6 25. Rb2 Qe7 26. Rfb1 Rc7 
27. Kh2 a5 28. Rb6 Ra8 29. Ra1 Qf6 30. Qf3 g6 31. Qg3 Qe7 32. Be2 Kg7 
33. Ra3 Rcc8 34. Qf2 Nb4 35. g3 h5 36. Bd1 Rcb8 37. Qd2 Rd8 38. Be2 Rdc8 
39. Kh1 Qc7 40. Ra1 Rh8 41. Bb5 Rhd8 1/2-1/2

[Event "Monday Night Engine Tour 5 Rd Swiss 16m+1s Starts at 2200hrs ST"]
[Site "Infinity Chess"]
[Date "2018.1.15"]
[Round "2"]
[White "MarioDeMonti"]
[Black "KULLANI"]
[Result "1-0"]
[ECO "C53"]
[WhiteElo "2395"]
[BlackElo "2443"]
[WhiteEngine "stockfish_x64_bmi2_2018_01_13_CTG"]
[BlackEngine "BrainFish_180106_x64_CTG"]
[EventType "Swiss"]
[WhiteTeam ""]
[BlackTeam ""]
[PlyCount "79"]
[TimeControl "960+1"]

1. e4 e5 2. Nf3 Nc6 3. Bc4 Bc5 4. c3 Nf6 5. d3 d6 6. O-O a5 7. Re1 h6 8. h3 O-O 
9. Nbd2 Be6 10. a4 Ba7 11. b3 Nd7 12. Ra2 Qf6 13. Nf1 Qg6 14. g4 Rad8 
15. Ng3 Nc5 16. Nh4 Qh7 17. Nhf5 Bxc4 18. bxc4 Ne6 19. Rb2 Rb8 20. Nh5 Kh8 
21. Kg2 Bc5 22. Rb3 Rfd8 23. f4 f6 24. Rb5 Rf8 25. Nfg3 g5 26. fxg5 fxg5 
27. Nf5 Rf7 28. Bb2 Nf4+ 29. Nxf4 gxf4 30. d4 b6 31. dxc5 dxc5 32. Bc1 Rd8 
33. Qe2 Rfd7 34. Rb2 Rd3 35. Qf2 Qg8 36. Nxh6 Qg6 37. Qh4 Kg7 38. Nf5+ Kf7 
39. g5 Ne7 40. Rf2 1-0

[Event "Monday Night Engine Tour 5 Rd Swiss 16m+1s Starts at 2200hrs ST"]
[Site "Infinity Chess"]
[Date "2018.1.15"]
[Round "2"]
[White "incredible"]
[Black "RonWeasley"]
[Result "1/2-1/2 "]
[ECO "C11"]
[WhiteElo "2453"]
[BlackElo "2445"]
[WhiteEngine "BrainFish_180113_x64_bmi2"]
[BlackEngine "BrainFish 130117_CTG"]
[EventType "Swiss"]
[WhiteTeam ""]
[BlackTeam ""]
[PlyCount "99"]
[TimeControl "960+1"]

1. e4 e6 2. d4 d5 3. Nc3 Nf6 4. e5 Nfd7 5. f4 c5 6. Nf3 Nc6 7. Be3 cxd4 
8. Nxd4 Qb6 9. Qd2 Qxb2 10. Rb1 Qa3 11. Bb5 Nxd4 12. Bxd4 a6 13. Bxd7+ Bxd7 
14. Rb3 Qe7 15. Rxb7 Rc8 16. O-O Qd8 17. Qe3 Rc4 18. Rfb1 Be7 19. f5 Bg5 
20. Qd3 O-O 21. Ne4 Bc8 22. Bb6 Be3+ 23. Qxe3 Qh4 24. Nf6+ gxf6 25. Rc7 exf5 
26. Rxc4 dxc4 27. exf6 Kh8 28. Bc7 Rg8 29. Bg3 Qg4 30. Qf4 c3 31. a3 Be6 
32. Re1 Rd8 33. Qe3 Bd5 34. Qe8+ Rxe8 35. Rxe8+ Qg8 36. Rxg8+ Kxg8 37. Be5 Be4 
38. Bxc3 Bxc2 39. Kf2 h6 40. Ke3 Kh7 41. g3 Kg6 42. Kf4 Bd3 43. a4 a5 
44. Bxa5 Bc2 45. Bc3 Bxa4 46. Bb2 Bc6 47. Bc3 h5 48. Bb2 Be4 49. Bc3 Bd5 50. Ke5 
1/2-1/2

[Event "Monday Night Engine Tour 5 Rd Swiss 16m+1s Starts at 2200hrs ST"]
[Site "Infinity Chess"]
[Date "2018.1.15"]
[Round "2"]
[White "SkyPilot"]
[Black "Victorious"]
[Result "1/2-1/2"]
[ECO "D30"]
[WhiteElo "2468"]
[BlackElo "2499"]
[WhiteEngine "stockfish_x64_bmi2_2018_01_13_CTG"]
[BlackEngine "BugChess2.41_Release"]
[EventType "Swiss"]
[WhiteTeam ""]
[BlackTeam ""]
[PlyCount "114"]
[TimeControl "960+1"]

1. d4 d5 2. c4 e6 3. Nf3 Nf6 4. Nc3 c6 5. Bg5 h6 6. Bh4 dxc4 7. e4 g5 8. Bg3 b5 
9. Be2 Bb7 10. h4 g4 11. Ne5 Nbd7 12. Nxd7 Qxd7 13. Be5 Qe7 14. O-O Rg8 
15. b3 Bg7 16. g3 b4 17. Na4 Nxe4 18. Bxc4 c5 19. Bxg7 Rxg7 20. Bd3 Nc3 
21. Qd2 cxd4 22. Nxc3 bxc3 23. Bb5+ Kf8 24. Qxd4 Rc8 25. Qxa7 Bd5 26. Qe3 Qc5 
27. Qxc5+ Rxc5 28. Bd3 f5 29. Rfc1 Rc8 30. a4 Rgc7 31. Bc2 Bf3 32. a5 Rd7 
33. Bd1 Ba8 34. a6 Rd2 35. Rc2 Bf3 36. Rcc1 c2 37. Bxf3 gxf3 38. b4 Ke8 
39. b5 Kd7 40. b6 Rg8 41. Rf1 Kc6 42. b7 f4 43. Ra3 Kb6 44. Rxf3 fxg3 
45. fxg3 Kxa6 46. Rc1 Kxb7 47. Rb3+ Kc7 48. Rc3+ Kd7 49. R1xc2 Rxc2 
50. Rxc2 Rxg3+ 51. Kf2 Rg4 52. Rc5 Rf4+ 53. Kg3 Rf5 54. Rc1 Ke7 55. Kg2 Kd6 
56. Kh3 Rc5 57. Rg1 Re5 1/2-1/2

[Event "Monday Night Engine Tour 5 Rd Swiss 16m+1s Starts at 2200hrs ST"]
[Site "Infinity Chess"]
[Date "2018.1.15"]
[Round "2"]
[White "Dovahkiin"]
[Black "Thor"]
[Result "1/2-1/2"]
[ECO "A45"]
[WhiteElo "2372"]
[BlackElo "2479"]
[WhiteEngine "BrainFish_180113_x64_modern_CTG"]
[BlackEngine "BrainFish_180113_x64_bmi2"]
[EventType "Swiss"]
[WhiteTeam ""]
[BlackTeam ""]
[PlyCount "83"]
[TimeControl "960+1"]

1. d4 Nf6 2. Bf4 d5 3. e3 c5 4. c3 Nc6 5. Nf3 Nh5 6. dxc5 Nxf4 7. exf4 e6 
8. b4 g6 9. b5 Ne7 10. Qd4 Rg8 11. Qa4 Qc7 12. Nbd2 Qxc5 13. c4 Bg7 14. Rc1 Bb2 
15. Rc2 Qa3 16. Qb3 Qxb3 17. axb3 Bf6 18. Be2 a6 19. bxa6 bxa6 20. O-O Kf8 
21. cxd5 exd5 22. h3 h5 23. Ra2 Bf5 24. Rxa6 Rxa6 25. Bxa6 Kg7 26. b4 Nc6 
27. b5 Nb4 28. Nb3 Bd3 29. Rc1 Nxa6 30. bxa6 Bxa6 31. Rc6 Bc4 32. Nbd2 Be2 
33. Ne5 Ra8 34. Ndf3 Bxe5 35. Nxe5 Ra4 36. g3 f6 37. Rc7+ Kh6 38. Nf7+ Kh7 
39. Kg2 Kg8 40. Nh6+ Kh8 41. f5 Bd3 42. fxg6 1/2-1/2

[Event "Monday Night Engine Tour 5 Rd Swiss 16m+1s Starts at 2200hrs ST"]
[Site "Infinity Chess"]
[Date "2018.1.15"]
[Round "1"]
[White "MarioDeMonti"]
[Black "incredible"]
[Result "1/2-1/2"]
[ECO "C50"]
[WhiteElo "2393"]
[BlackElo "2455"]
[WhiteEngine "stockfish_x64_bmi2_2018_01_13_CTG"]
[BlackEngine "BrainFish_180113_x64_bmi2"]
[EventType "Swiss"]
[WhiteTeam ""]
[BlackTeam ""]
[PlyCount "102"]
[TimeControl "960+1"]

1. e4 e5 2. Nf3 Nc6 3. Bc4 Bc5 4. d3 Nf6 5. c3 d6 6. O-O O-O 7. h3 h6 8. Re1 Bb6 
9. Nbd2 Na5 10. Bb5 c5 11. Ba4 Be6 12. Nf1 Nc6 13. Ng3 Re8 14. Be3 Rc8 
15. Rc1 Nd7 16. a3 a6 17. b4 Rc7 18. b5 axb5 19. Bxb5 Rc8 20. d4 exd4 
21. cxd4 cxd4 22. Nxd4 Bxd4 23. Bxd4 Nxd4 24. Rxc8 Qxc8 25. Qxd4 Qc5 
26. Qxc5 dxc5 27. Rd1 Re7 28. f4 Nf8 29. Rd8 Rc7 30. f5 Bd7 31. Bxd7 Rxd7 
32. Rb8 g6 33. Kf2 Rd4 34. Rxb7 Ra4 35. Rb3 Nd7 36. Rd3 Ne5 37. Rd5 Nc4 
38. Rxc5 Nb2 39. Rc8+ Kh7 40. fxg6+ fxg6 41. Rc7+ Kg8 42. Rc6 Kf7 43. Ne2 Rxa3 
44. Nf4 Nd3+ 45. Nxd3 Rxd3 46. h4 Ra3 47. Rc7+ Kf6 48. g3 g5 49. Rc6+ Ke5 
50. hxg5 hxg5 51. Rc5+ Kxe4 1/2-1/2

[Event "Monday Night Engine Tour 5 Rd Swiss 16m+1s Starts at 2200hrs ST"]
[Site "Infinity Chess"]
[Date "2018.1.15"]
[Round "1"]
[White "Thor"]
[Black "OlivierEvan"]
[Result "1-0"]
[ECO "B90"]
[WhiteElo "2466"]
[BlackElo "2402"]
[WhiteEngine "BrainFish_180113_x64_bmi2"]
[BlackEngine "Houdini 6"]
[EventType "Swiss"]
[WhiteTeam ""]
[BlackTeam ""]
[PlyCount "231"]
[TimeControl "960+1"]

1. e4 c5 2. Nf3 d6 3. d4 cxd4 4. Nxd4 Nf6 5. Nc3 a6 6. Be3 e6 7. f3 h5 
8. Qd2 Be7 9. a3 b5 10. Be2 Bb7 11. a4 b4 12. Na2 a5 13. c3 bxc3 14. bxc3 Nbd7 
15. c4 Rc8 16. O-O O-O 17. Rac1 d5 18. cxd5 exd5 19. Rxc8 Qxc8 20. Rc1 Qb8 
21. Bb5 Rc8 22. exd5 Bxd5 23. Rxc8+ Qxc8 24. Nc1 Bd8 25. Nd3 Bc7 26. Nf5 Qd8 
27. Bf2 g6 28. Bh4 Be6 29. Nd4 Bb6 30. Bf2 Bd5 31. Kf1 Nc5 32. Nxc5 Bxc5 
33. Ne2 Bxf2 34. Kxf2 Kg7 35. h3 Qb6+ 36. Qe3 Qc7 37. Qd4 Bb7 38. Nf4 Qc2+ 
39. Kg3 Qc7 40. Kh4 Qe7 41. Kg5 Ba8 42. Bd3 Bc6 43. Ba6 Ba8 44. Bd3 Bc6 
45. Bb1 Bb7 46. Ne2 Bd5 47. Nc3 Qe6 48. Be4 Bc6 49. Nb5 Bxe4 50. fxe4 Qa6 
51. g3 Qe6 52. Nc3 Qc6 53. Nd5 Qc1+ 54. Ne3 Qc6 55. Qb2 Qd6 56. g4 hxg4 
57. hxg4 Qe6 58. Qa1 Kg8 59. Qxf6 Qxe4 60. Qc3 Kh7 61. Nc4 Qc6 62. Qb3 Qe4 
63. Qh3+ Kg7 64. Qc3+ Kg8 65. Nxa5 Qe7+ 66. Kf4 Qd6+ 67. Kf3 Qd1+ 68. Kg3 Qxa4 
69. Nc6 Qd1 70. Ne5 Qd6 71. Kh3 Qd5 72. Kh4 Qe6 73. Qd4 Qe7+ 74. Kh3 Qa3+ 
75. Kh2 Qa2+ 76. Kg3 Qa3+ 77. Kg2 Qa2+ 78. Kg3 Qa3+ 79. Nf3 Kf8 80. g5 Qb3 
81. Kg4 Qe6+ 82. Kh4 Ke7 83. Qb4+ Qd6 84. Qxd6+ Kxd6 85. Nh2 Ke5 86. Ng4+ Kf5 
87. Nf6 Kf4 88. Nh7 Kf3 89. Kh3 Kf4 90. Kg2 Kg4 91. Kf2 Kf4 92. Ke2 Ke4 
93. Kd2 Kd4 94. Nf6 Ke5 95. Kd3 Kf5 96. Nh7 Ke5 97. Ke3 Kf5 98. Kd4 Ke6 
99. Ke4 Kd7 100. Ke5 Ke7 101. Nf6 Kf8 102. Kd6 Kg7 103. Ke7 Kh8 104. Ne4 Kg8 
105. Kf6 Kf8 106. Nd6 Kg8 107. Nxf7 Kf8 108. Nd6 Kg8 109. Kxg6 Kh8 110. Kf6 Kg8 
111. g6 Kh8 112. Ne4 Kg8 113. g7 Kh7 114. Kf7 Kh6 115. g8=Q Kh5 116. Qg5# 1-0

[Event "Monday Night Engine Tour 5 Rd Swiss 16m+1s Starts at 2200hrs ST"]
[Site "Infinity Chess"]
[Date "2018.1.15"]
[Round "1"]
[White "KULLANI"]
[Black "SkyPilot"]
[Result "1/2-1/2"]
[ECO "B90"]
[WhiteElo "2442"]
[BlackElo "2469"]
[WhiteEngine "BrainFish_180106_x64_CTG"]
[BlackEngine "stockfish_x64_bmi2_2018_01_13_CTG"]
[EventType "Swiss"]
[WhiteTeam ""]
[BlackTeam ""]
[PlyCount "97"]
[TimeControl "960+1"]

1. e4 c5 2. Nf3 d6 3. d4 cxd4 4. Nxd4 Nf6 5. Nc3 a6 6. Be3 e5 7. Nb3 Be6 
8. f3 h5 9. Qd2 Nbd7 10. Nd5 Bxd5 11. exd5 g6 12. Be2 Bg7 13. O-O b6 14. c4 O-O 
15. Rae1 Re8 16. Bf2 Qc7 17. Bd3 Kh7 18. a4 Bh6 19. Qd1 Rab8 20. Re2 Rec8 
21. Kh1 Kg7 22. Bh4 Ra8 23. Ree1 Kg8 24. h3 Nh7 25. Qb1 Ndf6 26. Qd1 Kg7 
27. Nd2 b5 28. cxb5 Nxd5 29. bxa6 Ne3 30. Rxe3 Bxe3 31. Qe2 Bc5 32. Nb1 Bd4 
33. b4 Nf6 34. Qa2 d5 35. Bxf6+ Kxf6 36. a5 Kg7 37. Qd2 e4 38. fxe4 Re8 
39. b5 dxe4 40. b6 Qe5 41. Be2 Rad8 42. Qb4 Bc5 43. Qc3 Bd4 44. Qb4 Rd5 
45. Qb3 Bc5 46. Qc3 Bd4 47. Qb3 Bc5 48. Qc3 Bd4 49. Qb3 1/2-1/2

[Event "Monday Night Engine Tour 5 Rd Swiss 16m+1s Starts at 2200hrs ST"]
[Site "Infinity Chess"]
[Date "2018.1.15"]
[Round "1"]
[White "Victorious"]
[Black "RonWeasley"]
[Result "1/2-1/2"]
[ECO "E20"]
[WhiteElo "2501"]
[BlackElo "2443"]
[WhiteEngine "Houdini 6"]
[BlackEngine "BrainFish 130117_CTG"]
[EventType "Swiss"]
[WhiteTeam ""]
[BlackTeam ""]
[PlyCount "87"]
[TimeControl "960+1"]

1. d4 Nf6 2. c4 e6 3. Nc3 d5 4. Nf3 c6 5. e3 Nbd7 6. Bd3 dxc4 7. Bxc4 b5 
8. Bd3 a6 9. e4 c5 10. e5 cxd4 11. Nxb5 axb5 12. exf6 gxf6 13. O-O Qb6 
14. Qe2 b4 15. Rd1 Bc5 16. a4 Ke7 17. Bb5 Rg8 18. g3 Rd8 19. Bf4 Ba6 
20. Bc7 Qxc7 21. Bxa6 Ne5 22. Bd3 Nxd3 23. Qxd3 f5 24. Rac1 Rd5 25. Ne1 Kf8 
26. Ng2 Rdd8 27. b3 Qe5 28. Re1 Qd6 29. Rc4 Kg7 30. Rec1 Ra5 31. Nf4 h6 
32. Kf1 Kf8 33. Nh5 Qc6 34. Rxd4 Rxd4 35. Qxd4 Qh1+ 36. Ke2 Bxd4 37. Rxh1 Rc5 
38. Rd1 Be5 39. Ke3 Rc3+ 40. Rd3 Rc2 41. Rd2 Rc3+ 42. Rd3 Rc2 43. Rd2 Rc3+ 
44. Rd3 1/2-1/2

[Event "Monday Night Engine Tour Round Robin 5m+1s Starts at 2200hrs No Late Joins Possible"]
[Site "Infinity Chess"]
[Date "2018.1.29"]
[Round "1"]
[White "ocirema"]
[Black "Eman"]
[Result "1/2-1/2"]
[ECO "B90"]
[WhiteElo "2508"]
[BlackElo "2507"]
[WhiteEngine "stockfish_18012814_x64_modern_CTG"]
[BlackEngine "Eman 1.68c 64-bit POPCNT"]
[EventType "Round Robin"]
[WhiteTeam ""]
[BlackTeam ""]
[PlyCount "135"]
[TimeControl "300+1"]

1. e4 c5 2. Nf3 d6 3. d4 cxd4 4. Nxd4 Nf6 5. Nc3 a6 6. Be3 e5 7. Nb3 Be6 
8. Be2 Be7 9. O-O O-O 10. Qd3 Nc6 11. a3 Rc8 12. Rfe1 Na5 13. Nxa5 Qxa5 
14. Rad1 h6 15. Nd5 Nxd5 16. exd5 Bd7 17. b4 Qd8 18. c4 f5 19. Rc1 f4 
20. Bd2 Bf5 21. Qb3 Bg5 22. Bd3 f3 23. Bxg5 Qxg5 24. g3 e4 25. Bf1 Qh5 
26. c5 Rfe8 27. Rc4 Qf7 28. Qd1 Kh7 29. Qd2 dxc5 30. bxc5 Re5 31. Rd1 Rce8 
32. Rd4 Qh5 33. Re1 Bh3 34. Bc4 Bd7 35. Re3 Qf5 36. h4 Bb5 37. Bxb5 axb5 
38. Qd1 Rc8 39. Rc3 b4 40. axb4 Ra8 41. Qf1 Rxd5 42. Rxd5 Qxd5 43. Re3 Qe5 
44. Qc4 Re8 45. b5 Qa1+ 46. Qf1 Qb2 47. c6 bxc6 48. bxc6 Qc2 49. Qb5 Qd1+ 
50. Kh2 Qd2 51. Kh3 Qxf2 52. Qf5+ Kg8 53. Rxe4 Rf8 54. Qd5+ Kh7 55. Qd3 Kg8 
56. c7 Qg2+ 57. Kg4 h5+ 58. Kxh5 Qxg3 59. Re7 Qf4 60. Qd5+ Kh7 61. Qg5 Qxg5+ 
62. Kxg5 f2 63. c8=Q Rxc8 64. Rf7 Kh8 65. Rxf2 Kh7 66. Rf5 g6 67. Rf7+ Kh8 
68. h5 1/2-1/2